Map: Ruins of Endion

Players

Fropez

  • Race: Protoss Protoss
  • League: Silver
  • Spawn Location: 7:00

GreenTea - Winner!

  • Race: Protoss Protoss
  • League: Bronze
  • Spawn Location: 5:00

VOD

Have the link to the VOD?

Description

Time

  • Played on: May 28, 2016, 10:47 p.m.
  • Length: 11:01
Show
View Real Time Build Order
Export as new Build Order

Fropez Protoss 

Build Orders:  

Get SALT Encoding   

  12  0:01  Probe (Chrono Boost)  
  13  0:14  Pylon  
  13  0:18  Probe (Chrono Boost)  
  14  0:29  Probe (Chrono Boost)  
  15  0:36  Gateway  
  15  0:39  Probe (Chrono Boost)  
  16  0:46  Assimilator  
  17  0:50  Probe (Chrono Boost)  
  17  1:00  Probe (Chrono Boost)  
  18  1:07  Pylon  
  18  1:11  Probe (Chrono Boost)  
  19  1:16  Pylon  
  19  1:21  Probe (Chrono Boost)  
  20  1:32  Probe (Chrono Boost)  
  21  1:34  Assimilator  
  21  1:35  Cybernetics Core  
  21  1:42  Probe (Chrono Boost)  
  22  1:54  Probe (Chrono Boost)  
  23  2:08  Gateway x2  
  23  2:12  Gateway  
  25  2:16  Mothership Core (Chrono Boost)  
  25  2:20  Warp Gate (Chrono Boost)  
  25  2:34  Probe (Chrono Boost)  
  26  2:38  Pylon  
  26  2:45  Probe  
  26  2:50  Stalker  
  29  2:55  Stalker  
  29  2:57  Probe  
  32  2:59  Stalker  
  34  3:09  Probe  
  34  3:20  Stalker  
  34  3:21  Probe  
  34  3:25  Stalker  
  39  3:33  Probe  
  39  3:34  Pylon  
  40  3:43  Stalker  
  40  3:47  Probe  
  43  3:50  Pylon  
  41  3:59  Probe  
  40  4:11  Probe  
  41  4:23  Probe  
  42  4:28  Twilight Council  
  40  4:35  Probe  
  41  4:40  Stalker x3  
  47  4:47  Probe  
  48  4:57  Nexus  
  48  5:02  Pylon  
  48  5:05  Blink (Chrono Boost)  
  48  5:08  Probe  
  49  5:24  Stalker x2  
  49  5:27  Stalker  
  49  6:11  Stalker x3  
  57  6:18  Mothership Core  
  57  6:23  Assimilator  
  57  6:27  Assimilator  
  57  6:32  Gateway  
  57  6:33  Gateway  
  57  6:34  Probe  
  57  6:35  Pylon  
  57  6:39  Stalker  
  60  6:40  Stalker  
  62  6:49  Stalker  
  64  7:02  Probe  
  64  7:03  Probe  
  66  7:13  Probe  
  66  7:15  Probe  
  68  7:16  Forge  
  68  7:17  Pylon  
  68  7:22  Pylon  
  68  7:25  Stalker x3  
  60  8:22  Stalker x2  
  60  8:23  Stalker  
  52  8:28  Protoss Ground Weapons Level 1 (Chrono Boost)  
  52  8:32  Gateway  
  46  8:36  Gateway  
  46  8:41  Stalker x2  
  50  8:49  Probe  
  50  8:50  Probe  
  50  8:54  Nexus  
  50  8:57  Assimilator  
  50  8:59  Assimilator  
  50  9:00  Probe  
  50  9:02  Stalker x2  
  53  9:03  Pylon, Stalker, Mothership Core  
  53  9:08  Stalker x2  
  63  9:20  Probe  
  63  9:21  Nexus, Dark Shrine  
  64  9:24  Probe  
  64  9:29  Stalker x2  
  64  9:30  Probe  
  69  9:31  Zealot  
  69  9:36  Probe  
  73  9:41  Probe  
  71  10:02  Stalker x5  
  71  10:03  Stalker x2  
  71  10:06  Probe  
  74  10:07  Probe  
  46  10:37  Dark Templar  
  46  10:38  Dark Templar  
Show
View Real Time Build Order
Export as new Build Order

GreenTea Protoss - Winner!

Build Orders:  

Get SALT Encoding   

  12  0:03  Probe (Chrono Boost)  
  13  0:14  Probe (Chrono Boost)  
  14  0:24  Probe (Chrono Boost)  
  15  0:31  Pylon  
  15  0:49  Probe (Chrono Boost)  
  16  0:53  Gateway  
  16  1:00  Probe (Chrono Boost)  
  16  1:01  Assimilator  
  17  1:10  Probe (Chrono Boost)  
  18  1:15  Pylon  
  18  1:21  Probe (Chrono Boost)  
  19  1:31  Probe (Chrono Boost)  
  20  1:42  Probe (Chrono Boost)  
  20  1:44  Cybernetics Core  
  21  1:52  Probe (Chrono Boost)  
  22  2:03  Probe (Chrono Boost)  
  22  2:05  Zealot  
  25  2:10  Assimilator  
  25  2:13  Probe (Chrono Boost)  
  26  2:20  Warp Gate (Chrono Boost)  
  26  2:24  Probe  
  27  2:30  Nexus  
  27  2:36  Probe  
  28  2:37  Stalker  
  30  2:53  Pylon, Probe  
  30  2:54  Pylon  
  31  3:11  Probe  
  32  3:23  Probe  
  33  3:28  Stalker  
  35  3:42  Gateway  
  35  3:44  Gateway, Mothership Core  
  35  3:46  Gateway  
  37  4:33  Probe  
  37  4:34  Probe  
  37  4:37  Pylon  
  39  4:39  Pylon  
  39  4:43  Probe  
  39  4:44  Forge  
  40  4:46  Probe  
  40  4:50  Robotics Facility  
  41  4:54  Probe  
  41  4:58  Probe  
  43  5:04  Probe  
  44  5:10  Probe, Stalker x3  
  44  5:11  Stalker  
  53  5:15  Probe  
  50  5:22  Probe  
  50  5:28  Protoss Ground Weapons Level 1  
  49  5:37  Stalker x2  
  49  5:38  Stalker x2  
  54  6:00  Stalker  
  54  6:01  Stalker x3  
  54  6:23  Pylon  
  54  6:24  Observer  
  55  6:33  Stalker x2  
  55  6:38  Zealot x2  
  63  6:45  Assimilator  
  64  6:49  Assimilator  
  64  6:57  Immortal  
  67  7:05  Zealot x4  
  75  7:18  Photon Cannon  
  75  7:22  Protoss Ground Armor Level 1 (Chrono Boost)  
  75  7:36  Immortal  
  64  8:39  Pylon  
  64  8:40  Pylon  
  64  8:42  Pylon  
  64  8:55  Mothership Core  
  64  8:58  Immortal  
  70  9:10  Stalker  
  70  9:11  Stalker x2  
  70  9:12  Stalker  
  78  9:40  Pylon x2  
  78  9:43  Pylon  
  78  9:54  Probe  
  78  9:55  Probe  
  78  9:56  Gateway  
  78  9:57  Gateway  
  78  9:58  Immortal  
  80  10:04  Probe  
  76  10:08  Probe  
  72  10:15  Probe  
  72  10:20  Probe  
  70  10:25  Probe  
  69  10:32  Probe  
  66  10:36  Probe  
  67  10:44  Probe  
Tags
 
Matchup
PvP
Replay Pack
All Mines
Spawn Locations
Close Positions
Add a new tag
Caveats
  • Supply blocks, unpowered buildings, or Contaminate may cause inaccurate times.
  • Supply counts are checked every 10 seconds.